 Dungeon Crawl Stone Soup version 0.27.1-33-g824d729ab1 (webtiles) character file.

Game seed: 8880203397810593999

691 DenSaoPin the Chucker (level 7, -1/62 HPs)
             Began as an Ogre Arcane Marksman on Nov 30, 2021.
             Was a Follower of Okawaru.
             Slain by Duvessa (16 damage)
             ... on level 5 of the Dungeon.
             The game lasted 00:28:59 (8670 turns).

DenSaoPin the Chucker (Ogre Arcane Marksman)        Turns: 8670, Time: 00:29:00

Health: -1/62      AC:  4    Str: 16    XL:     7   Next: 63%
Magic:  0/2        EV:  9    Int: 14    God:    Okawaru [*.....]
Gold:   262        SH:  0    Dex: 10    Spells: 5/8 levels left

rFire    + . .     SeeInvis .   A - +6 glaive of the Badger {antimagic, rPois rF+ rN+}
rCold    . . .     Faith    .   (shield currently unavailable)
rNeg     + . .     Spirit   .   a - +0 robe
rPois    +         Reflect  .   (helmet restricted)
rElec    .         Harm     .   h - +0 cloak
rCorr    .         Rampage  .   (gloves unavailable)
Will     .....                  (boots unavailable)
Stlth    +.........             (no amulet)
HPRegen  0.20/turn              (no ring)
MPRegen  0.08/turn              (no ring)

@: no status effects
A: large, unfitting armour, tough skin 1
a: Renounce Religion, Heroism


You were on level 5 of the Dungeon.
You worshipped Okawaru.
Okawaru was aware of your devotion.
You visited 2 branches of the dungeon, and saw 6 of its levels.

You collected 262 gold pieces.

Inventory:

Hand Weapons
 c - a +0 halberd
 e - a +0 short sword
 f - a +0 club
 m - a +0 vorpal trident
 z - a +0 quarterstaff
 A - the +6 glaive of the Badger (weapon) {antimagic, rPois rF+ rN+}
   (You found it on level 5 of the Dungeon)

   It reduces the magical energy of the wielder, and disrupts the spells and
   magical abilities of those it strikes.
   Natural abilities and divine invocations are not affected.
   rF:        It protects you from fire.
   rPois:     It protects you from poison.
   rN:        It protects you from negative energy.
Missiles
 d - 46 bolts
 i - 3 large rocks
 j - 118 stones (quivered)
 l - 12 poisoned darts
 n - 34 arrows
 p - 8 boomerangs
 t - 11 sling bullets
 w - 2 silver boomerangs
Armour
 a - a +0 robe (worn)
 h - a +0 cloak (worn)
Jewellery
 q - a ring of flight
 v - an amulet of reflection
 y - a ring of protection from cold
Scrolls
 b - a scroll of enchant weapon {unknown}
 k - a scroll of enchant armour {unknown}
 o - a scroll of teleportation {unknown}
 s - 2 scrolls of identify {unknown}
 u - a scroll of vulnerability {unknown}
 x - 2 scrolls of magic mapping {unknown}
Potions
 g - 3 potions of curing
 r - a potion of heal wounds {unknown}
 B - a potion of might


   Skills:
 - Level 1.3 Fighting
 - Level 2.3 Maces & Flails
 + Level 4.4 Polearms
 + Level 6.1 Throwing
 - Level 1.7 Dodging
 - Level 1.2 Spellcasting
 - Level 2.6 Hexes
 + Level 1.0 Invocations


You had 5 spell levels left.
You knew the following spells:

 Your Spells              Type           Power      Damage    Failure   Level
a - Corona                Hex            8%         N/A       9%          1
b - Slow                  Hex            8%         N/A       13%         2

Your spell library contained the following spells:

 Spells                   Type           Power      Damage    Failure   Level
 Shock                    Conj/Air       0%         1d3       26%         1
 Confusing Touch          Hex            8%         N/A       26%         3
 Inner Flame              Hex/Fire       4%         N/A       41%         3
 Portal Projectile        Hex/Tloc       8%         N/A       41%         3
 Gell's Gravitas          Tloc           0%         N/A       61%         3
 Swiftness                Air            0%         N/A       61%         3
 Teleport Other           Tloc           0%         N/A       61%         3
 Cause Fear               Hex            4%         N/A       65%         4
 Airstrike                Air            0%         N/A       95%         4
 Yara's Violent Unravell  Hex/Tmut       2%         3d3       99%         5
 Dispersal                Tloc           0%         N/A       100%        6


Dungeon Overview and Level Annotations

Branches:
Dungeon (5/15)             Temple (1/1) D:4

Altars:
Ashenzari
Elyvilon
Gozag
Hepliaklqana
Nemelex Xobeh
Okawaru
Ru
Uskayaw
Vehumet
Wu Jian
Xom
The Shining One

Annotations:
D:5 Duvessa


Innate Abilities, Weirdness & Mutations

You are too large for most types of armour.
You have tough skin. (AC +1)


Message History

Press: ? - help, Q - select action, (/) - cycle Shift-Dir - straight line, f - Dowan
Aim: Dowan, wielding a +0 dagger and wearing a +0 robe (48% to hit)
You throw a stone. The stone hits Dowan.
Dowan is lightly wounded.
Dowan points at you and mumbles some strange words.
The puff of frost hits you!
You start resting.
Dowan is nearby!
You reach to attack!
You barely miss Dowan.
Dowan is lightly wounded.
You miss Dowan.
Dowan is lightly wounded.
Dowan closely misses you. x2
You slash Dowan!
Dowan's magic leaks into the air.
Dowan is heavily wounded.
Dowan misses you.
You hit Dowan.
Dowan's magic leaks into the air.
Dowan is severely wounded.
Dowan hits you but does no damage. x2
You slash Dowan!
You kill Dowan!
Okawaru accepts your kill.
You hear a distant scream of rage.
Duvessa, Sister of Dowan comes into view.
She is wielding a +0 rapier and wearing a +3 ring mail of fire resistance.
Your Invocations skill increases to level 1!
You reach to attack!
You hit Duvessa but do no damage.
Duvessa goes berserk!
Duvessa barely misses you. Duvessa hits you with a +0 rapier!
Cast which spell? (? or * to list)
Aiming: Slow (safe; 13% risk of failure)
Press: ? - help, Shift-Dir - straight line, f/p - Duvessa
Aim: Duvessa, wielding a +0 rapier and wearing a +3 ring mail of fire resistance (berserk, chance to affect: 26%) Duvessa easily resists.
Duvessa hits you with a +0 rapier!
You hit Duvessa.
Duvessa is lightly wounded.
Duvessa hits you with a +0 rapier! x2
* * * LOW HITPOINT WARNING * * *
A bullfrog comes into view.
It was a potion of curing.
You feel better. Duvessa misses you. Duvessa hits you with a +0 rapier!
You die...

#..# # #.># #
############..#
#
#.............#
#
#.###########.#
# #.# #### #.#
# #.# ..[ #.# #
#.###.# #.# #
#..@eF# #.# #
#####.# #.# #
># .# #. .. #§
#.e #○ .## #○
## #. ..


You could see Duvessa (berserk) and a bullfrog.

Vanquished Creatures
  An ice beast (D:5)
  A necrophage (D:5)
  Dowan (D:5)
  A water moccasin skeleton (D:4)
  2 hounds
  2 orc priests (D:4)
  A centaur skeleton (D:4)
  Natasha (thrice) (D:2)
  An orc wizard (Temple)
  3 gnolls
  3 adders
  A worm (D:2)
  4 dart slugs
  16 orcs
  8 bats
  5 endoplasms
  3 giant cockroaches (D:1)
  6 goblins
  14 hobgoblins
  8 jackals
  3 quokkas
  7 ball pythons
  3 frilled lizards
  6 kobolds
  6 rats
109 creatures vanquished.

Vanquished Creatures (others)
  8 fungi (D:2)
  2 plants (D:2)
10 creatures vanquished.

Grand Total: 119 creatures vanquished

Notes
Turn   | Place    | Note
-------+----------+-------------------------------------------
     0 | D:1      | DenSaoPin the Ogre Arcane Marksman began the quest for the
                  | Orb.
     0 | D:1      | Reached XP level 1. HP: 19/19 MP: 2/2
   697 | D:1      | Reached XP level 2. HP: 27/27 MP: 3/3
  1316 | D:1      | Reached skill level 3 in Throwing
  1479 | D:1      | Reached skill level 1 in Maces & Flails
  1622 | D:1      | Reached XP level 3. HP: 33/33 MP: 4/4
  2851 | D:2      | Noticed Natasha
  2864 | D:2      | Killed Natasha
  2865 | D:2      | Reached XP level 4. HP: 15/41 MP: 5/5
  3162 | D:2      | Learned a level 2 spell: Slow
  3184 | D:2      | Noticed Natasha
  3367 | D:2      | Killed Natasha
  3638 | D:2      | Noticed Natasha
  3653 | D:2      | Killed Natasha
  3654 | D:2      | Reached skill level 4 in Throwing
  3654 | D:2      | Reached XP level 5. HP: 17/48 MP: 6/6
  3852 | D:2      | Found a faded altar of an unknown god.
  3958 | D:2      | Reached skill level 1 in Polearms
  4968 | D:4      | Found a staircase to the Ecumenical Temple.
  4984 | Temple   | Entered the Ecumenical Temple
  5024 | Temple   | Became a worshipper of Warmaster Okawaru
  5665 | D:4      | Reached XP level 6. HP: 35/55 MP: 7/7
  6516 | D:4      | Reached skill level 5 in Throwing
  6517 | D:4      | Noticed a steam dragon
  7524 | D:4      | Found a radiant altar of Vehumet.
  7610 | D:4      | Found an ornate altar of the Wu Jian Council.
  7826 | D:5      | Entered Level 5 of the Dungeon
  8055 | D:5      | Reached XP level 7. HP: 62/62 MP: 8/8
  8070 | D:5      | Identified the +6 glaive of the Badger {antimagic, rPois
                  | rF+ rN+}
  8357 | D:5      | Reached * piety under Okawaru
  8358 | D:5      | Reached skill level 6 in Throwing
  8657 | D:5      | Noticed Dowan
  8666 | D:5      | Killed Dowan
  8666 | D:5      | Noticed Duvessa
  8667 | D:5      | Reached skill level 1 in Invocations
  8670 | D:5      | Slain by Duvessa

Illustrated notes

Levels and vault maps discovered:
D:1:      amcnicky_arrival_wind_blow, layout_basic
D:2:      minmay_angry_zag, layout_basic, shapermc_ecumenical_altar_hornbeckon,
          kennysheep_nub, uniq_natasha
D:3:      minmay_door_path, layout_basic, feat_on_display
D:4:      layout_cave_pools, nicolae_overflow_crystal_walls,
          nzn_wu_jian_contemplation, minmay_temple_entry_crystal_x,
          serial_glass, glass_columns_a, glass_columns_c
D:5:      layout_loops_ring, lemuel_flame_loot_1, uniq_duvessa
Temple:   compressed_dpeg_circular_temple

Skill      XL: |  1  2  3  4  5  6  7 |
---------------+----------------------+-----
Throwing       | 3 4 5 6 |  6.1
Maces & Flails | 1 2 |  2.3
Polearms       | 2 3 4 |  4.4
Invocations    | 1 |  1.0
Fighting       | |  1.3
Dodging        | |  1.7
Spellcasting   | |  1.2
Hexes          | |  2.6

Action                   |  1- 3 |  4- 6 |  7- 9 || total
-------------------------+-------+-------+-------++-------
Melee: Unarmed           |    22 |       |       ||    22
       Short sword       |    16 |       |       ||    16
       Club              |   212 |    44 |       ||   256
       Trident           |       |   187 |       ||   187
       Glaive            |       |       |    37 ||    37
Throw: Stone             |    34 |    91 |    18 ||   143
       Large rock        |    15 |     4 |       ||    19
       Throwing net      |       |     4 |       ||     4
       Boomerang         |       |     2 |       ||     2
 Cast: Slow              |       |     2 |     1 ||     3
       Corona            |       |     1 |       ||     1
  Use: Potion            |       |       |     1 ||     1
Armor: Robe              |   140 |    95 |     9 ||   244
Dodge: Dodged            |   184 |   121 |    25 ||   330
